 Dungeon Crawl Stone Soup version 0.25.1-8-g42b30a86e7 (webtiles) character file.

Game seed: 11632045030129465403

9130 FreshCat the Spear-Bearer (level 11, -8/89 HPs)
             Began as a Merfolk Abyssal Knight on Dec 18, 2020.
             Was an Elder of Lugonu.
             Mangled by a six-headed hydra (10 damage)
             ... on level 1 of the Lair of Beasts on Dec 21, 2020.
             The game lasted 01:13:51 (18928 turns).

FreshCat the Spear-Bearer (Merfolk Abyssal Knight) Turns: 18928, Time: 01:13:52

Health: -8/89      AC:  5    Str: 17    XL:     11   Next: 41%
Magic:  12/13      EV: 24    Int: 11    God:    Lugonu [****..]
Gold:   736        SH:  0    Dex: 23    Spells: 10/10 levels left

rFire    . . .     SeeInvis .   W - +1 glaive (vorpal)
rCold    . . .     Gourm    .   (shield currently unavailable)
rNeg     . . .     Faith    .   b - +0 leather armour
rPois    .         Spirit   .   (helmet restricted)
rElec    .         Reflect  .   (no cloak)
rCorr    .         Harm     .   p - +0 pair of gloves
MR       .....                  H - +0 pair of boots
Stlth    +++.......             U - amulet of regeneration
HPRegen  0.64/turn              q - +6 ring of dexterity
MPRegen  0.13/turn              S - +4 ring of evasion

@: no status effects
A: change form in water, swift swim, stealthy swim, antennae 1, agile 1, strong
1, wild magic 1
a: Depart the Abyss, Bend Space, Banish, Corrupt, Renounce Religion


You were on level 1 of the Lair of Beasts.
You worshipped Lugonu.
Lugonu was greatly pleased with you.
You were hungry.

You visited 3 branches of the dungeon, and saw 14 of its levels.
You visited the Abyss 1 time.

You collected 736 gold pieces.

Inventory:

Hand Weapons
 v - a +3 halberd
 P - a +0 trident
 W - a +1 vorpal glaive (weapon)
Missiles
 g - 419 stones
 j - 4 atropa-tipped darts
 n - 6 silver boomerangs
 r - 28 poisoned darts (quivered)
 G - 5 javelins
 R - 5 boomerangs
Armour
 b - a +0 leather armour (worn)
 p - a +0 pair of gloves (worn)
 F - a +2 helmet
 H - a +0 pair of boots (worn)
Jewellery
 q - a +6 ring of dexterity (left hand)
 A - a +6 ring of intelligence
 C - an uncursed ring of flight
 S - a +4 ring of evasion (right hand)
 T - an uncursed ring of stealth
 U - an amulet of regeneration (around neck)
Wands
 k - a wand of polymorph (14)
 m - a wand of flame (13)
 J - a wand of iceblast (2)
 N - a wand of enslavement (7)
 O - a wand of disintegration (12)
Scrolls
 d - a scroll of enchant weapon
 e - 2 scrolls of identify
 h - 2 scrolls of blinking
 i - 7 scrolls of remove curse
 l - 2 scrolls of noise
 s - 5 scrolls of amnesia
 t - 4 scrolls of magic mapping
 B - 3 scrolls of fog
 D - a scroll of immolation
 K - a scroll of enchant armour
 L - 4 scrolls of teleportation
 V - a scroll of torment {unknown}
Potions
 f - 3 potions of might
 o - a potion of brilliance
 u - 2 potions of invisibility
 x - 2 potions of cancellation
 z - 4 potions of flight
 E - a potion of resistance
 I - 3 potions of haste
 M - a potion of berserk rage
 Q - a potion of lignification
 X - a potion of curing
Miscellaneous
 y - a box of beasts
Comestibles
 a - 5 chunks of flesh
 c - 25 rations


   Skills:
 + Level 9.2 Fighting
 + Level 13.5 Polearms
 + Level 7.1 Throwing
 + Level 4.2 Armour
 + Level 9.5 Dodging
 + Level 4.1 Stealth
 + Level 0.3 Unarmed Combat
 + Level 3.5 Invocations
 + Level 0.6 Evocations


You had 10 spell levels left.
You didn't know any spells.
Your spell library contained the following spells:

 Spells                   Type           Power        Failure   Level  Hunger
 Animate Skeleton         Necr           N/A          47%         1    ##.....
 Apportation              Tloc           #.....       47%         1    ##.....
 Corona                   Hex            #......      47%         1    ##.....
 Summon Small Mammal      Summ           #...         47%         1    ##.....


Dungeon Overview and Level Annotations

Branches:
Dungeon (12/15)            Temple (1/1) D:5            Lair (1/6) D:9
    Orc (0/2) D:9

Altars:
Cheibriados
Dithmenos
Elyvilon
Fedhas
Gozag
Hepliaklqana
Makhleb
Nemelex Xobeh
Okawaru
Qazlal
Ru
Sif Muna
Trog
Wu Jian
Xom

Shops:
D:4 %   D:7 %   D:8 ?


Innate Abilities, Weirdness & Mutations

You revert to your normal form in water.
You are very nimble and swift while swimming.
You are very stealthy in the water. (Stealth+)
You have a pair of small antennae on your head.
You are agile. (Dex +2)
Your muscles are strong. (Str +2)
Your spells are a little harder to cast, but a little more powerful.


Message History

Aim: a six-headed hydra (severely wounded, chance to defeat MR: 50%)
You fail to use your ability.
Press: ? - help, Shift-Dir - straight line, f/p - six-headed hydra
Aim: a six-headed hydra (severely wounded, chance to defeat MR: 50%)
You fail to use your ability.
Okay, then.
Evoke which item? (* to show all) (? for menu, Esc to quit)
Aiming: Disintegrate
Press: ? - help, Shift-Dir - straight line, f/p - six-headed hydra
Aim: a six-headed hydra (heavily wounded, chance to defeat MR: 33%)
The six-headed hydra is blasted!
The six-headed hydra bites you. The six-headed hydra bites you!
* * * LOW HITPOINT WARNING * * *
The six-headed hydra bites you but does no damage.
The six-headed hydra bites you!
* * * LOW HITPOINT WARNING * * *
The six-headed hydra bites you!
* * * LOW HITPOINT WARNING * * *
The six-headed hydra bites you!
You die...

#..####..#
#........#
#........#
#♣♣♣♣♣♣.......#
..............#
.♣♣♣♣♣♣†......##
###.#.###..P#
#..........## .
#@D.....#..P#
..#..........##
.#.......P...###
.........#..##.####
.#.......#.........
#.#.......#..#######
# #.......#..#
#.##'P..###..##
#...<.........#


You could see a six-headed hydra.

Vanquished Creatures
  An ugly thing (D:11)
  Psyche (D:10)
  A spiny frog (Lair:1)
  2 hippogriffs (D:9)
  A wraith (D:11)
  Eustachio (Temple)
  A wyvern (D:9)
  10 yaks
  A basilisk (D:9)
  An acid dragon (D:10)
  A sky beast (D:6)
  2 black bears
  6 orc warriors
  3 ice beasts
  A phantom (D:4)
  5 ogres
  2 necrophages (D:8)
  5 centaurs
  A crocodile (D:9)
  2 big kobolds
  2 bullfrogs
  2 wyvern skeletons
  2 scorpions (D:5)
  4 wights (D:8)
  11 killer bees
  5 howler monkeys
  3 bullfrog zombies
  2 centaur zombies
  A jelly (D:5)
  6 crimson imps
  A gnoll shaman (D:6)
  3 orc priests
  2 centaur skeletons
  5 hounds
  8 orc wizards
  4 bullfrog skeletons
  Terence (D:2)
  3 iguanas
  12 worker ants
  2 hound skeletons
  A hound zombie (D:5)
  2 worker ant zombies
  3 gnolls (D:6)
  16 adders
  2 river rats (D:6)
  2 shadow imps
  An ooze (D:1)
  An adder zombie (D:7)
  An adder skeleton (D:3)
  5 worms
  4 dart slugs
  2 leopard geckos (D:2)
  39 orcs
  8 bats
  5 giant cockroaches
  5 goblins
  7 hobgoblins
  17 jackals
  4 quokkas
  2 ball pythons
  3 frilled lizards
  A jackal zombie (D:8)
  12 kobolds
  A leopard gecko zombie (D:5)
  A quokka skeleton (D:5)
  6 rats
278 creatures vanquished.

Vanquished Creatures (others)
  A fungus (D:9)
1 creature vanquished.

Grand Total: 279 creatures vanquished

Notes
Turn   | Place    | Note
-------+----------+-------------------------------------------
     0 | Abyss:1  | FreshCat the Merfolk Abyssal Knight began the quest for the
                  | Orb.
     0 | Abyss:1  | Reached XP level 1. HP: 18/18 MP: 2/2
    36 | Abyss:1  | Found a shadowy altar of Dithmenos.
    39 | Abyss:1  | Noticed a large abomination
    42 | D:1      | Escaped the Abyss
   139 | D:1      | Reached XP level 2. HP: 25/25 MP: 3/3
   959 | D:2      | Reached XP level 3. HP: 30/30 MP: 4/4
  1145 | D:2      | Reached skill level 4 in Polearms
  1149 | D:2      | Reached * piety under Lugonu
  1252 | D:2      | Noticed Terence
  1287 | D:2      | Gained mutation: You have a pair of small antennae on your
                  | head. [potion of mutation]
  1287 | D:2      | Gained mutation: Your muscles are strong. (Str +2) [potion
                  | of mutation]
  1287 | D:2      | Gained mutation: Your spells are a little harder to cast,
                  | but a little more powerful. [potion of mutation]
  1287 | D:2      | Gained mutation: You are agile. (Dex +2) [potion of
                  | mutation]
  1339 | D:2      | Killed Terence
  1339 | D:2      | Reached skill level 1 in Armour
  1339 | D:2      | Reached XP level 4. HP: 30/37 MP: 5/5
  2431 | D:3      | Found an ornate altar of the Wu Jian Council.
  2431 | D:3      | Found an opulent altar of Gozag.
  2942 | D:3      | Reached XP level 5. HP: 43/43 MP: 6/6
  3035 | D:3      | Reached skill level 5 in Polearms
  3868 | D:3      | Reached ** piety under Lugonu
  4129 | D:3      | Found a sacrificial altar of Ru.
  4406 | D:3      | Reached XP level 6. HP: 22/49 MP: 7/7
  4787 | D:4      | Found Movuvaibb's Food Shoppe.
  4799 | D:5      | Entered Level 5 of the Dungeon
  5058 | D:4      | Reached skill level 6 in Polearms
  5163 | D:5      | Reached skill level 1 in Throwing
  5306 | D:4      | Noticed a phantom
  5331 | D:4      | Killed a phantom
  5331 | D:4      | Reached skill level 5 in Fighting
  5331 | D:4      | Reached XP level 7. HP: 48/56 MP: 8/8
  5414 | D:4      | Found a hazy altar of Hepliaklqana.
  5417 | D:4      | Found a sparkling altar of Nemelex Xobeh.
  5420 | D:4      | Found a blossoming altar of Fedhas.
  5423 | D:4      | Found a burning altar of Makhleb.
  5450 | D:4      | Reached skill level 1 in Stealth
  6659 | D:5      | Found a stormy altar of Qazlal.
  6746 | D:5      | Noticed Eustachio
  6747 | D:5      | Found a staircase to the Ecumenical Temple.
  6759 | Temple   | Entered the Ecumenical Temple
  7038 | Temple   | Killed Eustachio
  7038 | Temple   | Reached skill level 7 in Polearms
  7038 | Temple   | Reached skill level 5 in Dodging
  7551 | D:5      | Reached XP level 8. HP: 58/63 MP: 9/9
  8516 | D:6      | Reached skill level 8 in Polearms
  9558 | D:7      | Found Ytojuf's Food Boutique.
 10454 | D:6      | Reached skill level 9 in Polearms
 10669 | D:6      | Reached XP level 9. HP: 68/70 MP: 10/10
 10793 | D:7      | Reached *** piety under Lugonu
 11462 | D:8      | Reached skill level 10 in Polearms
 12684 | D:7      | Reached skill level 5 in Throwing
 13078 | D:7      | Reached XP level 10. HP: 28/79 MP: 12/12
 13504 | D:9      | Reached skill level 11 in Polearms
 13527 | D:8      | Found Xesuhere's Magic Scroll Emporium.
 14326 | D:10     | Entered Level 10 of the Dungeon
 14533 | D:9      | Reached **** piety under Lugonu
 14848 | D:11     | Found Ziha Mav's Armour Emporium.
 15309 | D:11     | Noticed a brown ugly thing
 15633 | D:10     | Noticed Psyche
 15636 | D:10     | Killed Psyche
 15839 | D:11     | Reached skill level 12 in Polearms
 16418 | D:11     | Noticed a cyclops
 16784 | D:11     | Killed a brown ugly thing
 17766 | D:9      | Reached XP level 11. HP: 68/89 MP: 13/13
 17774 | D:9      | Found a staircase to the Orcish Mines.
 18365 | D:9      | Found a white marble altar of Elyvilon.
 18507 | D:9      | Found a staircase to the Lair.
 18512 | D:9      | Reached skill level 13 in Polearms
 18862 | Lair:1   | Entered Level 1 of the Lair of Beasts
 18903 | Lair:1   | Noticed a four-headed hydra
 18928 | Lair:1   | HP: 2/89 [six-headed hydra (10)]
 18928 | Lair:1   | Mangled by a six-headed hydra

Illustrated notes

Levels and vault maps discovered:
D:1:      grunt_arrival_lava_bath, layout_loops_ring, minmay_split_cup_large
D:2:      layout_loops_corners, uniq_terence
D:3:      layout_loops_cross, marbit_many_paths, gammafunk_temple_overflow_wave,
          first_ration, minmay_increasing_density
D:4:      layout_gridville, grunt_temple_overflow_cloverleaf, serial_shops,
          nicolae_shop_crystal, minmay_misc_feat_more_columns
D:5:      kennysheep_windowed_halls, layout_basic,
          minmay_temple_entry_butterflies, grunt_qazlal_clouds, uniq_eustachio
D:6:      layout_basic, lightli_sewer_entry_pipes
D:7:      layout_rooms, serial_shops, shop
D:8:      layout_rooms, serial_curves, eino_curves_04, eino_curves_04,
          serial_shops, shop
D:9:      layout_layer_cave, kennysheep_little_box, david_lair_generic,
          david_orc_2
D:10:     layout_stronghold, uniq_psyche
D:11:     layout_long_grid, serial_shops, shop, blue_anna_alchemist
          [blue_anna_fruit_fields, blue_anna_fruit_fields]
D:12:     layout_basic, serial_park_tiny_pond
Temple:   eino_temple_water
Lair:1:   layout_chaotic_city, serial_forest, infiniplex_forest_straight_2,
          infiniplex_forest_clump_curved, infiniplex_forest_lined_room_,
          infiniplex_forest_straight_2, infiniplex_forest_end_double,
          infiniplex_forest_lined_ring, infiniplex_forest_clump_tiny,
          portal_ice_cave_demonic_guard, chequers_serial_rivers_small_3,
          lemuel_old_faithful

Skill      XL: |  1  2  3  4  5  6  7  8  9 10 11 |
---------------+----------------------------------+-----
Fighting       | 4 5 6 7 9 |  9.2
Polearms       | 4 5 6 7 9 10 12 13 | 13.5
Armour         | 1 2 3 4 |  4.2
Dodging        | 3 4 5 6 7 8 9 |  9.5
Throwing       | 1 2 3 5 6 7 |  7.1
Stealth        | 1 2 3 4 |  4.1
Invocations    | 3 |  3.5
Unarmed Combat | |  0.3
Evocations     | |  0.6

Action                   |  1- 3 |  4- 6 |  7- 9 | 10-12 || total
-------------------------+-------+-------+-------+-------++-------
Melee: Spear             |   101 |   361 |   675 |       ||  1137
       Unarmed           |    43 |       |       |       ||    43
       Punch             |       |     1 |     2 |       ||     3
       Tailslap          |       |       |     6 |       ||     6
       Halberd           |       |       |    53 |    47 ||   100
       Trident           |       |       |       |   256 ||   256
       Glaive            |       |       |       |    98 ||    98
Throw: Stone             |     7 |     5 |     6 |       ||    18
       Dart              |       |    17 |    90 |    47 ||   154
       Boomerang         |       |       |    40 |    41 ||    81
       Javelin           |       |       |     6 |     4 ||    10
Invok: Depart the Abyss  |     1 |       |       |       ||     1
       Bend Space        |       |     1 |    10 |    10 ||    21
Evoke: Wand              |       |       |     4 |    12 ||    16
  Use: Potion            |     4 |       |     6 |       ||    10
       Scroll            |     2 |       |    16 |     3 ||    21
 Stab: Sleeping          |       |     2 |     3 |    10 ||    15
       Distracted        |       |       |     1 |       ||     1
       Invisible         |       |       |     1 |       ||     1
  Eat: Chunk             |     1 |    13 |    22 |    11 ||    47
       Ration            |       |       |     1 |     2 ||     3
Armor: Leather armour    |    11 |    49 |    71 |    33 ||   164
Dodge: Dodged            |    63 |   177 |   485 |   350 ||  1075
